 Dungeon Crawl Stone Soup version 0.17-a0-725-gfa8c127 (webtiles) character file.

553 nubinia the Vexing (level 7, -7/33 HPs)
             Began as a Spriggan Arcane Marksman on Apr 21, 2015.
             Was an Initiate of Sif Muna.
             Killed by nerve-wracking pain
             ... invoked by Menkaure
              (11 damage)
             ... on level 6 of the Dungeon.
             The game lasted 00:45:47 (8357 turns).

nubinia the Vexing (Spriggan Arcane Marksman)       Turns: 8357, Time: 00:45:47

Health: -7/33      AC:  2    Str:  7      XL:     7   Next: 8%
Magic:  13/13      EV: 20    Int: 17 (20) God:    Sif Muna [......]
Gold:   203        SH:  0    Dex: 16      Spells: 3 memorised, 7 levels left

rFire  + . .     SeeInvis +     a - +8 short sword "Poet" {pierce, rF+ Int+4 SInv}
rCold  + . .     Clarity  .     g - +0 robe
rNeg   . . .     SustAb   .     (shield restricted)
rPois  .         Gourm    .     (helmet restricted)
rElec  .         Spirit   .     (no cloak)
rCorr  .         Warding  .     (gloves unavailable)
rMut   .         Stasis   .     (boots unavailable)
MR     +....                    (no amulet)
Stlth  +++.......               x - ring of protection from cold
                                t - ring of stealth

@: very quick, somewhat resistant to hostile enchantments, fairly stealthy
A: unfitting armour, see invisible, herbivore 3, speed 3, slow metabolism 2
a: Renounce Religion


You were on level 6 of the Dungeon.
You worshipped Sif Muna.
Sif Muna was noncommittal.
You were not hungry.

You visited 2 branches of the dungeon, and saw 8 of its levels.

You collected 203 gold pieces.

Inventory:

Hand weapons
 a - the +8 short sword "Poet" (weapon) {pierce, rF+ Int+4 SInv}
   (You found it on level 7 of the Dungeon)

   It inflicts extra damage upon your enemies.
   It affects your intelligence (+4).
   It protects you from fire.
   It enhances your eyesight.
 b - a +0 hunting sling
 F - a +0 dagger
Missiles
 c - 32 sling bullets
 e - 108 stones (quivered)
 C - 19 poisoned needles
Armour
 g - a +0 robe (worn)
Jewellery
 t - a ring of stealth (left hand)
 x - a ring of protection from cold (right hand)
Magical devices
 v - a wand of magic darts (21)
 E - a wand of paralysis (8)
Scrolls
 i - a scroll of remove curse
 j - a scroll of amnesia {unknown}
 k - a scroll of blinking
 m - 2 scrolls of fear {unknown}
 p - 2 scrolls of immolation
 r - a scroll of recharging {unknown}
 y - a scroll of noise {unknown}
 z - a scroll of fog {unknown}
 A - a scroll of enchant armour {unknown}
 D - a scroll of teleportation {unknown}
Potions
 h - 2 potions of cure mutation
 l - 3 potions of curing
 n - a potion of brilliance
 o - a potion of haste
 q - a potion of agility
 u - a potion of resistance {unknown}
 G - a potion of heal wounds
Books
 d - a book of Debilitation

   Spells                             Type                      Level
   a - Corona                         Hexes                        1
   b - Slow                           Hexes                        2
   c - Gell's Gravitas                Hexes/Translocation          3
   d - Inner Flame                    Hexes/Fire                   3
   e - Cause Fear                     Hexes                        4
   f - Leda's Liquefaction            Hexes/Earth                  4
Comestibles
 f - 5 bread rations
 s - 2 fruits


   Skills:
 + Level 1.0 Fighting
 + Level 1.5 Short Blades
 + Level 5.3 Slings
 + Level 4.7 Dodging
 + Level 2.2 Stealth
 * Level 3.6 Spellcasting
 * Level 5.5 Hexes
 * Level 3.0 Translocations


You had 7 spell levels left.
You knew the following spells:

 Your Spells              Type           Power        Failure   Level  Hunger
a - Corona                Hex            ###....      1%          1    None
b - Slow                  Hex            ###.....     2%          2    ##.....
c - Gell's Gravitas       Hex/Tloc       ###.......   10%         3    ###....


Dungeon Overview and Level Annotations

Branches:
Dungeon (7/15)             Temple (1/1) D:4

Altars:
Cheibriados
Dithmenos
Elyvilon
Gozag
Kikubaaqudgha
Makhleb
Nemelex Xobeh
Qazlal
Sif Muna
Trog
Vehumet
Zin
The Shining One

Annotations:
D:3 Trafet's ghost, average CeAM
D:4 exclusion: black bear, Duvessa; Grinder
D:6 exclusions: hill giant and shadow imp, Edmund; Menkaure
D:7 exclusion: water moccasin


Innate Abilities, Weirdness & Mutations

You are tiny and cannot use many weapons and most armour.
You have supernaturally acute eyesight.
You are a herbivore.
You cover ground extremely quickly.
You need consume almost no food.


Message History

m - 2 scrolls labeled ZOXUAJ XESAU (gained 1)
You close the door.
An orc comes into view. It is wielding a dagger.
There is an open door here.
a - the +8 short sword "Poet" (weapon)
{pierce, rF+ Int+4 SInv} The orc shouts!
An orc wizard comes into view. It is wielding a dagger.
There is an open door here.
An orc and an orc priest come into view.
Found 19 stones.
There is an open door here.
You open the door.
Menkaure calls on the powers of darkness!
Your body is wracked with pain!
The orc convulses!
There is an open door here.
Menkaure hits you!
* * * LOW HITPOINT WARNING * * *
Menkaure gestures at you while chanting.
Pain shoots through your body!
You die...

### ##.. ... #.##########
#.#####.##.##....#####
.......[.#..#.o...#..#
.........@.M'.....'..#
..........#..#.....#.o#
#+#####.########'##.##
#.#####.## #.# o#
#.#......+....'.....o..o.
#.#..##..###'##.....###+
#.#..##..##..##..##.#
#.#..............# +#
#.#..##.###.###..#


You could see Menkaure and an orc.

Vanquished Creatures
  2 centaurs (D:7)
  A giant frog (D:7)
  A scorpion (D:5)
  A hound (D:2)
  A worker ant (D:4)
  10 adders
  A shadow imp (D:5)
  3 oozes
  5 worms
  2 giant geckos
  8 orcs
  3 ball pythons
  8 bats
  A bat skeleton (D:5)
  5 giant cockroaches
  10 goblins
  15 hobgoblins
  6 jackals
  7 kobolds
  A quokka (D:4)
  A giant gecko zombie (D:5)
  5 giant newts
  A giant spore (D:6)
  A jackal zombie (D:7)
  11 rats
  A ballistomycete (D:6)
111 creatures vanquished.

Notes
Turn   | Place    | Note
--------------------------------------------------------------
     0 | D:1      | nubinia, the Spriggan Arcane Marksman, began the quest for the Orb.
     0 | D:1      | Reached XP level 1. HP: 9/9 MP: 3/3
   365 | D:1      | Reached XP level 2. HP: 14/14 MP: 5/5
   632 | D:1      | Reached skill level 4 in Hexes
   880 | D:1      | Learned a level 2 spell: Slow
  1868 | D:2      | Reached XP level 3. HP: 17/17 MP: 6/6
  2023 | D:3      | Found an opulent altar of Gozag.
  2459 | D:2      | Reached skill level 1 in Fighting
  2805 | D:2      | Reached XP level 4. HP: 22/22 MP: 5/7
  3163 | D:2      | Found a burning altar of Makhleb.
  3296 | D:2      | Reached skill level 1 in Short Blades
  3666 | D:3      | Reached XP level 5. HP: 21/25 MP: 7/9
  3975 | D:3      | Noticed Trafet's ghost (average CeAM)
  4136 | D:4      | Found a snail-covered altar of Cheibriados.
  4210 | D:4      | Noticed a phantom
  4452 | D:4      | Learned a level 3 spell: Gell's Gravitas
  4460 | D:4      | Noticed Grinder
  4798 | D:4      | Noticed Duvessa
  4875 | D:4      | Found a radiant altar of Vehumet.
  4900 | D:4      | Found a stormy altar of Qazlal.
  4919 | D:4      | Found a staircase to the Ecumenical Temple.
  4928 | Temple   | Entered the Ecumenical Temple
  5002 | Temple   | Became a worshipper of Sif Muna the Loreminder
  5385 | D:4      | Found a white marble altar of Elyvilon.
  5502 | D:4      | Reached skill level 1 in Translocations
  5670 | D:4      | Noticed a black bear
  5757 | D:5      | Entered Level 5 of the Dungeon
  6242 | D:4      | Noticed an ogre
  6525 | D:5      | Reached skill level 1 in Stealth
  6525 | D:5      | Reached skill level 5 in Hexes
  6525 | D:5      | Reached XP level 6. HP: 6/30 MP: 11/11
  6889 | D:5      | Noticed a sky beast
  7059 | D:6      | Noticed Menkaure
  7156 | D:6      | Noticed a hill giant
  7265 | D:6      | Noticed Edmund
  7382 | D:7      | Noticed a water moccasin
  7444 | D:7      | Reached skill level 5 in Slings
  7582 | D:7      | Got an iridescent short sword
  7583 | D:7      | Identified the +8 short sword "Poet" {pierce, rF+ Int+4 SInv} (You found it on level 7 of the Dungeon)
  7938 | D:7      | Reached XP level 7. HP: 30/33 MP: 13/13
  7944 | D:7      | Found a sparkling altar of Nemelex Xobeh.
  8357 | D:6      | Killed from afar by Menkaure

Action                   |  1- 3 |  4- 6 |  7- 9 || total
-------------------------+-------+-------+-------++-------
Melee: Dagger            |   132 |   254 |       ||   386
       Short sword       |       |    16 |     7 ||    23
 Fire: Hunting sling     |   115 |   133 |     9 ||   257
 Cast: Corona            |    23 |    61 |     1 ||    85
  Use: Scroll            |     3 |     6 |       ||     9
       Potion            |       |     1 |     4 ||     5
 Stab: Sleeping          |     1 |     9 |       ||    10
       Distracted        |       |     1 |       ||     1
  Eat: Bread ration      |       |     1 |       ||     1
       Fruit             |       |       |     1 ||     1
